 Dungeon Crawl Stone Soup version 0.21.1-1-g345015fe64 (webtiles) character file.

137827 Kejsarherre the Warrior (level 16, 0/141 HPs)
             Began as a Demonspawn Berserker on May 9, 2018.
             Was a High Priest of Trog.
             Slain by a nagaraja
             ... wielding a +0 halberd
              (4 damage)
             ... on level 4 of the Snake Pit.
             The game lasted 01:12:59 (25435 turns).

Kejsarherre the Warrior (Demonspawn Berserker)     Turns: 25435, Time: 01:13:01

Health: 0/141      AC: 17    Str: 22    XL:     16   Next: 69%
Magic:  16/16      EV: 13    Int: 11    God:    Trog [*****.]
Gold:   288        SH:  8    Dex: 22    Spells: 15/15 levels left

rFire    + . .     SeeInvis .   a - +9 broad axe (freeze)
rCold    + . .     Gourm    .   k - +0 buckler
rNeg     . . .     Faith    .   Y - +1 chain mail of Dyspraxia {+Blink rPois rF+ Regen+}
rPois    +         Spirit   .   W - +0 helmet
rElec    .         Reflect  +   (no cloak)
rCorr    .         Harm     .   o - +1 pair of gloves {Dex+3}
MR       ++++.                  (boots unavailable)
Stlth    ..........             s - +2 amulet of reflection
HPRegen  1.73/turn              T - ring of protection from magic
MPRegen  0.15/turn              t - +4 ring of slaying

@: lethally poisoned (0 -> -1), regenerating, constricted, studying Throwing
A: hooves 3, thin skeletal structure 3, cold resistance 1, demonic guardian 1,
mutation resistance 1, poison resistance, freezing cloud immunity
a: Berserk, Trog's Hand, Brothers in Arms, Burn Spellbooks, Renounce Religion,
Evoke Blink


You were on level 4 of the Snake Pit.
You worshipped Trog.
Trog was extremely pleased with you.
You were not hungry.

You visited 5 branches of the dungeon, and saw 28 of its levels.
You also visited: Labyrinth and Bailey.

You collected 2951 gold pieces.
You spent 2663 gold pieces at shops.

Inventory:

Hand Weapons
 a - a +9 broad axe of freezing (weapon)
 b - a +1 executioner's axe of freezing
Armour
 k - a +0 buckler (worn)
 o - a +1 pair of gloves of dexterity (worn)
 W - a +0 helmet (worn)
 Y - the +1 chain mail of Dyspraxia (worn) {+Blink rPois rF+ Regen+}
   (You found it on level 6 of the Lair of Beasts)

   It protects you from fire.
   It protects you from poison.
   It lets you blink.
   It increases your rate of regeneration.
Jewellery
 s - a +2 amulet of reflection (around neck)
 t - a +4 ring of slaying (right hand)
 H - a +2 ring of protection
 I - an uncursed ring of resist corrosion
 J - an uncursed ring of protection from fire
 P - a +2 ring of slaying
 T - a ring of protection from magic (left hand)
Wands
 p - a wand of disintegration (15)
 u - a wand of random effects (27)
 v - a wand of iceblast (14)
 B - a wand of paralysis (9)
 C - a wand of polymorph (44)
 V - a wand of acid (25)
 Z - a wand of scattershot (5)
Scrolls
 d - 7 scrolls of remove curse
 g - 2 scrolls of fog
 h - 4 scrolls of enchant armour
 m - 5 scrolls of magic mapping
 n - 2 scrolls of identify
 w - 8 scrolls of teleportation
 y - a scroll of immolation
 E - 2 scrolls of enchant weapon
 Q - 2 scrolls of vulnerability
Potions
 e - 2 potions of resistance
 f - 2 potions of lignification
 i - 2 potions of cancellation
 j - 6 potions of haste
 l - 13 potions of curing
 r - 2 potions of invisibility
 x - 3 potions of mutation
 A - 5 potions of brilliance
 D - 5 potions of flight
 K - 3 potions of might
 L - a potion of heal wounds
 N - 3 potions of berserk rage
 S - a potion of magic
 X - a potion of agility
Books
 O - a manual of Throwing
Comestibles
 c - 20 rations


   Skills:
 - Level 17.1 Fighting
 - Level 15.6 Axes
 + Level 11.0 Armour
 + Level 10.9 Dodging
 - Level 4.0 Shields
 - Level 6.2 Unarmed Combat


You had 15 spell levels left.
You didn't know any spells.

Dungeon Overview and Level Annotations

Branches:
Dungeon (15/15)            Temple (1/1) D:4            Lair (6/6) D:8
  Swamp (0/4) Lair:4        Snake (4/4) Lair:3        Slime (0/5) Lair:6
    Orc (2/2) D:10            Elf (0/3) Orc:2        Vaults (0/5) D:13
 Depths (0/5) D:15

Altars:
Ashenzari
Dithmenos
Elyvilon
Fedhas
Gozag
Hepliaklqana
Kikubaaqudgha
Makhleb
Trog
Vehumet
Yredelemnul
Jiyva

Shops:
D:5 *   D:8 *   D:14 *   D:15 =!=?   Orc:2 (%[=}

Portals:
Trove: D:12 (give 13 potions of heal wounds)


Innate Abilities, Weirdness & Mutations

You have hooves in place of feet.
You have an unnaturally thin skeletal structure. (Dex +6, Stealth++)
Your flesh is cold resistant. (rC+)
A weak demonic guardian rushes to your aid.
You are immune to freezing clouds.
You are somewhat resistant to further mutation.
Your system is resistant to poisons. (rPois)


Message History

You are more poisoned.
You resist.
* * * LOW HITPOINT WARNING * * *
The nagaraja constricts you.
Unknown command.
You slice the nagaraja!! You freeze the nagaraja!
The nagaraja is severely wounded.
You feel sick. The nagaraja hits you with a halberd!
* * * LOW HITPOINT WARNING * * *
x2 The nagaraja constricts you.
Unknown command.
Unknown command.
As you read the scroll of fear, it crumbles to dust.
You assume a fearsome visage.
The nagaraja looks frightened!
You feel sick.
The nagaraja cries, "Oh dear!
Oh dear!"
The nagaraja casts a spell at you. The orb of energy hits you!
* * * LOW HITPOINT WARNING * * *
The orb of energy explodes!
You die...

.........# #.......N....
.).......# #...N........
######...# #............
.....#.).############(..##...#
.....#............###NN## ....
)....#.)######.##()([N.# ...
)#...#..# #.)()NN)#.# ..
.#...#..# #.N####(#.#
.#...'..# #.)@# #.#.#
.#...#..## #.#.###.#.#
.#...#...# #.#.รท##.#.#
.#...#...# #....#..#.#
.#...#...########)#(##.#
.#...#......).....).##.#
.#...#.....(######.....#
.#...#...##.# #.#####
##...#...##.# #.#


You could see a nagaraja (fleeing).

Vanquished Creatures
  Rupert (D:13)
  Kirke (D:12)
  Gastronok (Lair:1)
  5 nagarajas
  A fire giant (D:15)
  A minotaur (Lab)
  An ogre mage (D:15)
  6 hydras
  Harold (Orc:1)
  12 naga warriors
  3 vault guards (D:13)
  2 catoblepae
  The ghost of Tegun the Martial Artist, a journeyman DsFi of Cheibriados (Lair:2)
  2 centaur warriors (D:15)
  9 death yaks
  Erica (Orc:1)
  8 anacondas
  7 two-headed ogres
  2 tengu warriors
  3 orc high priests (Orc:2)
  A deep troll shaman (Lair:6)
  The ghost of Ivernyr the Ogre Mage, a novice OgWz (D:8)
  10 naga sharpshooters
  Urug (Orc:1)
  The ghost of Dracia the Basher, a novice GrFi of Okawaru (D:9)
  7 shock serpents
  2 salamander mystics (Snake:2)
  An unseen horror (D:12)
  2 naga ritualists (Snake:4)
  A lindwurm (Lair:6)
  8 ugly things
  An oklob plant (Lair:4)
  5 orc sorcerers (Orc:2)
  2 cyclopes
  7 orc knights
  A deep elf mage (D:13)
  2 salamanders (shapeshifter)
  8 salamanders
  2 elephants (Lair:6)
  A guardian serpent (Snake:3)
  2 gargoyles
  16 naga magi
  26 black mambas
  A torpor snail (Lair:4)
  Joseph (D:7)
  8 spiny frogs
  6 komodo dragons
  2 tengu conjurers
  A troll (D:11)
  A hornet (D:10)
  Prince Ribbit (D:6)
  12 blink frogs
  Grinder (D:5)
  A slime creature (D:15)
  10 hippogriffs
  2 wraiths (D:12)
  Sigmund (D:2)
  2 vampires
  4 wyverns
  Eustachio (D:4)
  A basilisk (D:15)
  43 yaks
  7 hungry ghosts
  2 hogs (D:12)
  Grum (D:8)
  The ghost of Mrkan the Shield-Bearer, an amateur FoFi (D:3)
  6 vampire mosquitoes
  A warg (Orc:1)
  40 nagas
  14 water moccasins
  10 porcupines
  A sky beast (D:6)
  4 ice beasts
  33 orc warriors
  2 phantoms
  4 black bears
  11 ogres
  An eye of draining (D:14)
  2 necrophages
  9 wolves
  6 boggarts (D:15)
  13 centaurs
  16 crocodiles
  A big kobold (D:12)
  9 bullfrogs
  4 scorpions
  12 killer bees
  5 wights (D:15)
  2 howler monkeys (D:9)
  2 troll skeletons (Lab)
  3 crimson imps
  A bullfrog zombie (D:5)
  3 centaur zombies
  17 orc priests
  A bullfrog skeleton (D:12)
  4 hounds
  7 jellies
  25 orc wizards
  5 centaur skeletons
  A hell rat (D:10)
  7 iguanas
  6 worker ants
  An ogre skeleton (Lab)
  7 gnolls
  A river rat (D:8)
  25 adders
  A shadow imp (D:14)
  An ooze (D:2)
  2 adder skeletons
  3 worms
  3 leopard geckos
  83 orcs
  11 giant cockroaches
  14 goblins
  9 hobgoblins
  3 jackals (D:9)
  23 kobolds
  3 quokkas
  3 ball pythons
  4 bats
  13 frilled lizards
  A jackal skeleton (D:6)
  A leopard gecko zombie (D:6)
  4 rats
  4 fungi
  A plant (Lair:4)
795 creatures vanquished.

Vanquished Creatures (collateral kills)
  2 hydras (D:12)
  2 vault guards (D:13)
  An anaconda (Snake:4)
  An ugly thing (D:15)
  An orc sorcerer (D:13)
  A black mamba (Lair:2)
  A tengu conjurer (D:13)
  A hippogriff (Lair:6)
  3 yaks
  A human (D:13)
  A naga (Snake:3)
  A water moccasin (Lair:2)
  An orc warrior (D:13)
  An ice beast (D:6)
  A wolf (D:8)
  3 ogres
  2 centaurs
  A bullfrog (D:6)
  An orc priest (Orc:2)
  An orc wizard (Orc:2)
  A bullfrog skeleton (D:4)
  An orc (D:13)
  A kobold (Bailey)
30 creatures vanquished.

Vanquished Creatures (others)
  A human (D:12)
  A centaur (D:15)
  A fungus (Lair:2)
  5 plants
8 creatures vanquished.

Grand Total: 833 creatures vanquished

Notes
Turn   | Place    | Note
-------+----------+-------------------------------------------
     0 | D:1      | Kejsarherre the Demonspawn Berserker began the quest for the Orb.
     0 | D:1      | Reached XP level 1. HP: 18/18 MP: 1/1
   252 | D:1      | Gained mutation: You have large cloven feet. [demonic ancestry]
   252 | D:1      | Reached XP level 2. HP: 24/24 MP: 2/2
   586 | D:2      | Reached ** piety under Trog
   596 | D:2      | Gained mutation: You have a somewhat thin skeletal structure. (Dex +2, Stealth) [demonic ancestry]
   596 | D:2      | Reached XP level 3. HP: 29/29 MP: 3/3
   796 | D:2      | Gained mutation: You have hoof-like feet. [demonic ancestry]
   796 | D:2      | Reached XP level 4. HP: 29/37 MP: 4/4
   872 | D:2      | Reached skill level 4 in Fighting
   901 | D:2      | Found a radiant altar of Vehumet.
   903 | D:2      | Noticed Sigmund
   916 | D:2      | Killed Sigmund
   916 | D:2      | Reached skill level 5 in Axes
   916 | D:2      | Gained mutation: A weak demonic guardian rushes to your aid. [demonic ancestry]
   916 | D:2      | Reached XP level 5. HP: 19/43 MP: 5/5
   916 | D:2      | Gained mutation: You have hooves in place of feet. [demonic ancestry]
   916 | D:2      | Reached XP level 6. HP: 22/49 MP: 6/6
  1535 | D:3      | Noticed Mrkan's ghost (amateur FoFi)
  1544 | D:3      | Killed Mrkan's ghost
  1544 | D:3      | Reached skill level 5 in Fighting
  1574 | D:3      | Reached *** piety under Trog
  1606 | D:3      | Found an opulent altar of Gozag.
  1867 | D:3      | Found a white marble altar of Elyvilon.
  2282 | D:4      | Reached XP level 7. HP: 51/56 MP: 7/7
  2342 | D:4      | Found a hazy altar of Hepliaklqana.
  2402 | D:4      | Found a staircase to the Ecumenical Temple.
  2480 | D:4      | Noticed Eustachio
  2490 | D:4      | Killed Eustachio
  2846 | Temple   | Entered the Ecumenical Temple
  2865 | D:5      | Entered Level 5 of the Dungeon
  2964 | D:5      | Reached skill level 6 in Fighting
  2973 | D:5      | Noticed Grinder
  2988 | D:5      | Killed Grinder
  2988 | D:5      | Reached XP level 8. HP: 64/64 MP: 8/8
  3088 | D:5      | Found Bevvak's Assorted Antiques.
  3369 | D:6      | Found a basalt altar of Yredelemnul.
  3592 | D:6      | Reached skill level 1 in Shields
  3593 | D:6      | Noticed Prince Ribbit
  3821 | D:6      | Killed Prince Ribbit
  4213 | D:6      | Gained mutation: Your flesh is cold resistant. (rC+) [demonic ancestry]
  4213 | D:6      | Reached XP level 9. HP: 70/70 MP: 9/9
  4303 | D:6      | Reached **** piety under Trog
  4757 | D:7      | Found a shadowy altar of Dithmenos.
  4760 | D:7      | Found an ancient bone altar of Kikubaaqudgha.
  4761 | D:7      | Found a shattered altar of Ashenzari.
  4951 | D:7      | Noticed Joseph
  4966 | D:7      | Killed Joseph
  5329 | D:8      | Found Vooll's Assorted Antiques.
  5348 | D:8      | Reached skill level 5 in Armour
  5348 | D:8      | Reached skill level 5 in Dodging
  5519 | D:8      | Noticed a death yak
  5520 | D:8      | Found a staircase to the Lair.
  5521 | D:8      | Noticed a death yak
  5521 | D:8      | Noticed a death yak
  5569 | D:8      | Killed a death yak
  5569 | D:8      | Reached skill level 7 in Fighting
  5654 | D:8      | Found a blossoming altar of Fedhas.
  5735 | D:8      | Found a burning altar of Makhleb.
  5780 | D:8      | Noticed Grum
  5789 | D:8      | Killed Grum
  5789 | D:8      | Reached XP level 10. HP: 57/79 MP: 10/10
  6003 | D:8      | Killed a death yak
  6003 | D:8      | Reached skill level 8 in Fighting
  6004 | D:8      | Reached ***** piety under Trog
  6010 | D:8      | Killed a death yak
  6440 | D:8      | Noticed Ivernyr's ghost (novice OgWz)
  6453 | D:8      | Killed Ivernyr's ghost
  6453 | D:8      | Reached skill level 9 in Fighting
  6453 | D:8      | Reached skill level 10 in Axes
  6495 | D:9      | Noticed Dracia's ghost (novice GrFi)
  6517 | D:9      | Killed Dracia's ghost
  6643 | D:9      | Found a flagged portal.
  6660 | Bailey   | Entered a bailey
  6673 | Bailey   | Noticed an orc knight
  6863 | Bailey   | Killed an orc knight
  6863 | Bailey   | Gained mutation: You have a moderately thin skeletal structure. (Dex +4, Stealth+) [demonic ancestry]
  6863 | Bailey   | Reached XP level 11. HP: 90/90 MP: 11/11
  7166 | D:9      | Reached skill level 10 in Fighting
  7178 | D:9      | Identified the Reference Book on Ignition
  7703 | D:10     | Entered Level 10 of the Dungeon
  7967 | D:10     | Gained mutation: Your system is resistant to poisons. (rPois) [potion of mutation]
  7967 | D:10     | Gained mutation: You are somewhat resistant to further mutation. [potion of mutation]
  8016 | D:10     | Found a staircase to the Orcish Mines.
  8288 | D:11     | Reached skill level 1 in Unarmed Combat
  9235 | D:12     | Noticed an eight-headed hydra
  9242 | D:12     | Killed a nine-headed hydra
  9298 | D:12     | Received a gift from Trog
  9372 | D:12     | Noticed Kirke
  9385 | D:12     | Killed Kirke
  9385 | D:12     | Reached skill level 11 in Fighting
  9403 | D:12     | Noticed a two-headed ogre
  9413 | D:12     | Killed a two-headed ogre
  9413 | D:12     | Reached XP level 12. HP: 95/100 MP: 12/12
  9663 | D:12     | Noticed a two-headed ogre
  9676 | D:12     | Killed a two-headed ogre
  9795 | D:12     | Found a portal to a secret trove of treasure.
  9863 | D:12     | Noticed a four-headed hydra
  9876 | D:12     | Killed a four-headed hydra
 10204 | D:13     | Noticed a vault guard
 10275 | D:13     | Noticed Rupert
 10284 | D:13     | Killed Rupert
 10482 | Lair:1   | Entered Level 1 of the Lair of Beasts
 10933 | Lair:1   | Noticed Gastronok
 10942 | Lair:1   | Killed Gastronok
 11471 | Lair:2   | Reached XP level 13. HP: 105/107 MP: 13/13
 11510 | Lair:2   | Reached skill level 5 in Unarmed Combat
 11771 | Lair:2   | Noticed Tegun's ghost (journeyman DsFi)
 11786 | Lair:2   | Killed Tegun's ghost
 11809 | Lair:2   | Identified a scroll of acquirement
 12582 | Lair:3   | Reached skill level 12 in Fighting
 12784 | Lair:3   | Found a staircase to the Snake Pit.
 13834 | Lair:4   | Found a staircase to the Swamp.
 14728 | Lair:5   | Found a labyrinth entrance.
 14742 | Lab      | Entered a labyrinth
 14980 | Lab      | Noticed a minotaur
 14988 | Lab      | Killed a minotaur
 15011 | Lab      | Identified the Compendium of Twisted Cold
 15379 | Lair:5   | Received a gift from Trog
 15382 | Lair:5   | Got a faintly glowing arbalest {god gift}
 15384 | Lair:5   | Identified the +1 arbalest of Indomitability {velocity, rPois Str+4 Dex+3} (Trog gifted it to you on level 5 of the Lair of Beasts)
 15587 | Lair:6   | Entered Level 6 of the Lair of Beasts
 15602 | Lair:6   | Found a staircase to the Slime Pits.
 15602 | Lair:6   | Found a viscous altar of Jiyva.
 15950 | Lair:6   | Gained mutation: You are immune to freezing clouds. [demonic ancestry]
 15950 | Lair:6   | Reached XP level 14. HP: 110/116 MP: 14/14
 15959 | Lair:6   | Reached skill level 13 in Fighting
 16537 | Lair:6   | Got a scorched chain mail
 16548 | Lair:6   | Identified the cursed +1 chain mail of Dyspraxia {+Blink rPois rF+ Regen+} (You found it on level 6 of the Lair of Beasts)
 17742 | D:13     | Reached skill level 14 in Fighting
 17769 | D:13     | Found a gate to the Vaults.
 17963 | D:14     | Found Wypapor's General Store.
 18065 | D:14     | Received a gift from Trog
 18610 | D:15     | Entered Level 15 of the Dungeon
 18686 | D:15     | Found Komy's Jewellery Emporium.
 18713 | D:15     | Bought a +4 ring of slaying for 1170 gold pieces
 18713 | D:15     | Bought a +2 amulet of reflection for 112 gold pieces
 18797 | D:15     | Reached skill level 15 in Fighting
 18838 | D:15     | Found Uthriepa's Distillery.
 18848 | D:15     | Bought a potion of heal wounds for 70 gold pieces
 18851 | D:15     | Found Xostraoh's Magic Scroll Shoppe.
 18919 | D:15     | Noticed a fire giant
 18921 | D:15     | Received a gift from Trog
 18945 | D:15     | Found a staircase to the Depths.
 18956 | D:15     | Killed a fire giant
 19068 | D:15     | Gained mutation: You have an unnaturally thin skeletal structure. (Dex +6, Stealth++) [demonic ancestry]
 19068 | D:15     | Reached XP level 15. HP: 129/129 MP: 15/15
 19111 | D:15     | Found Nel Hu Amun's Jewellery Shop.
 19119 | D:15     | Bought a cursed amulet of inaccuracy for 28 gold pieces
 19119 | D:15     | Bought a cursed ring of loudness for 63 gold pieces
 19119 | D:15     | Bought an uncursed ring of flight for 245 gold pieces
 19650 | Orc:1    | Entered Level 1 of the Orcish Mines
 19661 | Orc:1    | Noticed Urug
 19673 | Orc:1    | Killed Urug
 19676 | Orc:1    | Received a gift from Trog
 19692 | Orc:1    | Reached skill level 15 in Axes
 19825 | Orc:2    | Entered Level 2 of the Orcish Mines
 19825 | Orc:2    | Found a staircase to the Elven Halls.
 19868 | Orc:1    | Noticed Harold
 19869 | Orc:1    | Noticed Erica
 19882 | Orc:1    | Killed Erica
 19886 | Orc:1    | Killed Harold
 20303 | Orc:2    | Found Galeocoe's Antique Weapon Boutique.
 20534 | Orc:2    | Reached skill level 16 in Fighting
 20802 | Orc:2    | Paralysed by an orc sorcerer for 5 turns
 20814 | Orc:2    | Received a gift from Trog
 20858 | Orc:2    | Found Miuzeps's Jewellery Boutique.
 20858 | Orc:2    | Found Qipytin's Gadget Emporium.
 20860 | Orc:2    | Found Syluyphu's Armour Emporium.
 20860 | Orc:2    | Found Fittun's Food Boutique.
 20875 | Orc:2    | Bought an uncursed ring of protection from fire for 325 gold pieces
 20875 | Orc:2    | Bought an uncursed ring of protection from magic for 325 gold pieces
 20875 | Orc:2    | Bought an uncursed ring of protection from cold for 325 gold pieces
 21407 | Snake:1  | Entered Level 1 of the Snake Pit
 22022 | Snake:2  | Reached ****** piety under Trog
 22625 | Snake:2  | Reached skill level 17 in Fighting
 23121 | Snake:3  | Noticed a nagaraja
 23180 | Lair:3   | Got a dazzling scale mail
 23191 | Lair:3   | Identified the +6 scale mail of Esaxto {*Corrode Str+3 Dex+9} (You acquired it on level 3 of the Lair of Beasts)
 23456 | Snake:3  | Received a gift from Trog
 23760 | Snake:3  | Killed a nagaraja
 24058 | Snake:4  | Entered Level 4 of the Snake Pit
 24058 | Snake:4  | Noticed a nagaraja
 24068 | Snake:4  | Killed a nagaraja
 24068 | Snake:4  | Reached XP level 16. HP: 84/141 MP: 16/16
 24902 | Snake:4  | Reached skill level 10 in Armour
 24908 | Snake:4  | Reached skill level 10 in Dodging
 25006 | Snake:4  | Received a gift from Trog
 25435 | Snake:4  | HP: 4/141 [nagaraja/orb of energy (14)]
 25435 | Snake:4  | Slain by a nagaraja

Skill      XL: |  1  2  3  4  5  6  7  8  9 10 11 12 13 14 15 16 |
---------------+-------------------------------------------------+-----
Axes           | 3 5 6 7 8 9 10 11 13 14 15 | 15.6
Fighting       | 4 5 6 7 9 11 12 15 17 | 17.1
Armour         | 3 5 6 7 8 9 11 | 11.0
Dodging        | 3 5 7 8 10 | 10.9
Shields        | 3 4 |  4.0
Unarmed Combat | 2 4 6 |  6.2

Action                   |  1- 3 |  4- 6 |  7- 9 | 10-12 | 13-15 | 16-18 || total
-------------------------+-------+-------+-------+-------+-------+-------++-------
Melee: Hand axe          |    84 |    77 |    23 |       |       |       ||   184
       Kick              |    13 |    31 |    87 |   193 |   423 |   103 ||   850
       War axe           |       |       |   202 |    81 |       |       ||   283
       Broad axe         |       |       |       |   410 |   963 |   216 ||  1589
       Staff             |       |       |       |       |     4 |       ||     4
       Unarmed           |       |       |       |       |     2 |       ||     2
Throw: Javelin           |     7 |     4 |     3 |     3 |       |       ||    17
       Tomahawk          |       |       |       |    25 |     1 |       ||    26
Invok: Berserk           |     2 |     3 |     9 |     9 |     7 |     1 ||    31
       Trog's Hand       |       |       |     3 |     7 |    14 |     6 ||    30
       Brothers in Arms  |       |       |       |     3 |     3 |       ||     6
Evoke: Wand              |       |       |       |       |    48 |       ||    48
  Use: Scroll            |       |       |    13 |     5 |    21 |     1 ||    40
       Potion            |       |       |       |     3 |     1 |       ||     4
 Stab: Sleeping          |     1 |     1 |       |       |       |       ||     2
       Distracted        |       |       |     1 |     3 |     7 |     3 ||    14
       Paralysed         |       |       |       |       |    14 |       ||    14
       Invisible         |       |       |       |       |     1 |       ||     1
       Petrified         |       |       |       |       |     2 |       ||     2
  Eat: Chunk             |     2 |     5 |     7 |    22 |    31 |     5 ||    72
       Ration            |       |     1 |     4 |     3 |     8 |     1 ||    17
Armor: Animal skin       |    20 |     2 |       |       |       |       ||    22
       Ring mail         |       |    11 |     9 |       |       |       ||    20
       Robe              |       |     2 |       |       |       |       ||     2
       Scale mail        |       |       |    45 |    27 |       |       ||    72
       Plate armour      |       |       |       |   186 |   122 |       ||   308
       Chain mail        |       |       |       |       |   184 |    56 ||   240
Dodge: Dodged            |    67 |    33 |   120 |   170 |   433 |   104 ||   927
Block: Buckler           |       |       |    16 |   130 |   245 |    59 ||   450
       Reflection        |       |       |       |       |    22 |    13 ||    35
